 Dungeon Crawl Stone Soup version 0.22.1-1-ga44c0e5 (webtiles) character file.

42 Jamjie98 the Skirmisher (level 3, -2/30 HPs)
             Began as a Demonspawn Abyssal Knight on Oct 1, 2018.
             Was a Follower of Lugonu.
             Slain by an adder (3 damage)
             ... on level 2 of the Dungeon.
             The game lasted 00:08:28 (1529 turns).

Jamjie98 the Skirmisher (Demonspawn Abyssal Knight) Turns: 1529, Time: 00:08:29

Health: -2/30      AC:  3    Str: 13    XL:     3   Next: 35%
Magic:  4/4        EV:  9    Int: 13    God:    Lugonu [*.....]
Gold:   74         SH: 11    Dex: 12    Spells: 2/2 levels left

rFire    . . .     SeeInvis .   a - +1 spear
rCold    . . .     Gourm    .   j - +0 shield
rNeg     . . .     Faith    .   b - +0 leather armour
rPois    .         Spirit   .   (no helmet)
rElec    .         Reflect  .   (no cloak)
rCorr    .         Harm     .   (no gloves)
MR       .....                  (no boots)
Stlth    ++........             (no amulet)
HPRegen  0.10/turn              (no ring)
MPRegen  0.09/turn              (no ring)

@: no status effects
A: large bone plates 1, nightstalker 1
a: Depart the Abyss, Renounce Religion


You were on level 2 of the Dungeon.
You worshipped Lugonu.
Lugonu was aware of your devotion.
You were not hungry.

You visited 1 branch of the dungeon, and saw 2 of its levels.
You visited the Abyss 1 time.

You collected 74 gold pieces.

Inventory:

Hand Weapons
 a - a +1 spear (weapon)
 e - a +0 dagger
 f - a +0 spear
 g - a +0 club
 k - a +0 club
Missiles
 h - 56 stones (quivered)
 l - 13 sling bullets
 m - 18 bolts
 n - 35 arrows
Armour
 b - a +0 leather armour (worn)
 j - a +0 shield (worn)
Jewellery
 d - an uncursed amulet of inaccuracy
Scrolls
 p - a scroll of teleportation
Potions
 i - a potion of ambrosia {unknown}
Comestibles
 c - 4 rations
 o - a chunk of flesh


   Skills:
 + Level 3.6 Fighting
 + Level 2.0 Polearms
 + Level 1.9 Armour
 + Level 1.5 Dodging
 + Level 0.2 Stealth
 + Level 0.7 Shields
 + Level 2.4 Invocations


You had 2 spell levels left.
You didn't know any spells.
Your spell library was empty.

Dungeon Overview and Level Annotations

Branches:
Dungeon (2/15)

Altars:


Innate Abilities, Weirdness & Mutations

You are partially covered in large bone plates. (SH +4)
You are slightly more attuned to the shadows.


Message History

You hit the goblin.
You kill the goblin!
Lugonu accepts your kill. The adder barely misses you.
The adder bites you but does no damage.
The ooze jiggles.
You hit the adder but do no damage. The adder bites you.
* * * LOW HITPOINT WARNING * * *
You block the adder's attack.
You hit the adder.
The adder is moderately wounded.
You block the adder's attack.
You closely miss the adder.
The adder is moderately wounded.
You block the adder's attack. The ooze barely misses you. The adder bites you.
* * * LOW HITPOINT WARNING * * *
You closely miss the adder.
The adder is moderately wounded.
The ooze barely misses you. The adder bites you.
You die...

......# #.......#
##..
.....######.......#
#...
#.#..............#
#...
#...(#############
#... ###†).####
##.. #......# ##.
#......# ##
#...SJ.# #....@<#
########


You could see an ooze and an adder.

Vanquished Creatures
  A dart slug (D:1)
  3 leopard geckos
  A ball python (D:2)
  4 giant cockroaches (D:1)
  4 goblins
  2 hobgoblins (D:1)
  4 jackals (D:1)
  4 bats (D:1)
  5 frilled lizards (D:1)
  4 kobolds
  2 rats (D:1)
34 creatures vanquished.

Notes
Turn   | Place    | Note
-------+----------+-------------------------------------------
     0 | Abyss:1  | Jamjie98 the Demonspawn Abyssal Knight began the quest for
                  | the Orb.
     0 | Abyss:1  | Reached XP level 1. HP: 18/18 MP: 2/2
    27 | Abyss:1  | Noticed a quasit
    27 | Abyss:1  | Noticed an ancient lich
    29 | D:1      | Escaped the Abyss
   410 | D:1      | Gained mutation: You are partially covered in large bone
                  | plates. (SH +4) [demonic ancestry]
   410 | D:1      | Reached XP level 2. HP: 24/24 MP: 3/3
   438 | D:1      | Reached * piety under Lugonu
   451 | D:1      | Reached skill level 1 in Dodging
   838 | D:1      | Gained mutation: You are slightly more attuned to the
                  | shadows. [demonic ancestry]
   838 | D:1      | Reached XP level 3. HP: 10/30 MP: 4/4
  1528 | D:2      | HP: 1/30 [adder (5)]
  1529 | D:2      | Slain by an adder

Skill      XL: |  1  2 |
---------------+-------+-----
Dodging        | 1 |  1.5
Polearms       | 2 |  2.0
Fighting       | |  3.6
Armour         | |  1.9
Stealth        | |  0.2
Shields        | |  0.7
Invocations    | |  2.4

Action                   || total
-------------------------++-------
Melee: Spear             ||   191
Throw: Stone             ||     2
Invok: Depart the Abyss  ||     1
  Use: Potion            ||     2
       Scroll            ||     6
 Stab: Sleeping          ||     3
  Eat: Chunk             ||     2
Armor: Leather armour    ||    48
Dodge: Dodged            ||    60
Block: Shield            ||   108
